 Dungeon Crawl Stone Soup version 0.24.0-2-g5b39cebb1c (webtiles) character file.

Game seed: 17449829534332637605, levelgen mode: deterministic

226 Aviak the Skirmisher (level 6, -8/55 HPs)
             Began as a Hill Orc Assassin on Oct 29, 2019.
             Mangled by Menkaure (9 damage)
             ... on level 4 of the Dungeon.
             The game lasted 00:03:44 (4057 turns).

Aviak the Skirmisher (Hill Orc Assassin)            Turns: 4057, Time: 00:03:44

Health: -8/55      AC:  7    Str: 16    XL:     6   Next: 1%
Magic:  6/6        EV: 10    Int: 16    God:
Gold:   128        SH:  0    Dex: 12    Spells: 5/5 levels left

rFire    . . .     SeeInvis .   h - +0 hand axe
rCold    . . .     Gourm    .   (no shield)
rNeg     . . .     Faith    .   m - +0 scale mail
rPois    .         Spirit   .   (no helmet)
rElec    .         Reflect  .   n - +0 cloak
rCorr    .         Harm     .   (no gloves)
MR       .....                  (no boots)
Stlth    +.........             (no amulet)
HPRegen  0.18/turn              (no ring)
MPRegen  0.10/turn              (no ring)

@: brilliant, very slightly contaminated, invisible
A: no striking features
a: no special abilities


You were on level 4 of the Dungeon.
You were not hungry.

You visited 1 branch of the dungeon, and saw 4 of its levels.

You collected 128 gold pieces.

Inventory:

Hand Weapons
 a - a +2 dagger
 h - a +0 hand axe (weapon)
Missiles
 d - 22 poisoned darts (quivered)
 e - 2 curare-tipped darts
Armour
 b - a +0 robe
 k - a +0 ring mail
 m - a +0 scale mail (worn)
 n - a +0 cloak (worn)
Jewellery
 i - a +4 ring of protection {unknown}
Wands
 l - a wand of scattershot (5)
Scrolls
 g - 2 scrolls of identify {unknown}
Potions
 j - a potion of invisibility
Comestibles
 f - 9 rations


   Skills:
 + Level 4.8 Fighting
 - Level 2.0 Short Blades
 + Level 3.3 Axes
 - Level 1.7 Throwing
 + Level 2.1 Armour
 - Level 2.2 Dodging
 - Level 3.2 Stealth


You had 5 spell levels left.
You didn't know any spells.
Your spell library was empty.

Dungeon Overview and Level Annotations

Branches:
Dungeon (4/15)
 Temple: D:4-7

Altars:
Kikubaaqudgha

Annotations:
D:4 1 runed translucent door, Crazy Yiuf, Menkaure


Message History

Menkaure hits you!!
You are very lightly contaminated with residual magic.
You barely miss Menkaure. You hit the plant but do no damage.
Menkaure mumbles some strange words.
Menkaure seems to speed up.
It was a potion of curing.
You feel better.
c - a potion of curing;
n - a +0 cloak (worn)
Menkaure calls on the powers of darkness!
Your body is wracked with pain!
You feel better.
Menkaure calls on the powers of darkness!
Your body is wracked with pain!
Okay, then.
Okay, then.
It was a potion of brilliance.
You feel clever all of a sudden. Menkaure hits you!
* * * LOW HITPOINT WARNING * * *
Menkaure hits you!
You die...

##'## #..... .###
##...######## ....
##>....## # ....
##.......## ## ###..
#.........####. ......
+.........'....
#.#...####.........####.
.P........########## ##
......M@....≈≈# #
P......P...≈≈≈≈#
.....P.....≈≈≈4##
..P.P......≈≈≈§§##
....(...P....≈≈≈§#
...............≈§#
...=............≈#
.P.P.............#######
................


You could see a rust devil and Menkaure.

Vanquished Creatures
  A howler monkey (D:4)
  A bullfrog skeleton (D:4)
  A worker ant (D:4)
  4 adders
  An ooze (D:3)
  3 worms (D:2)
  3 dart slugs
  3 leopard geckos
  An orc (D:3)
  13 bats
  2 giant cockroaches
  6 goblins
  12 hobgoblins
  6 jackals
  7 kobolds
  3 quokkas
  A ball python (D:1)
  4 frilled lizards
  A quokka skeleton (D:4)
  5 rats
78 creatures vanquished.

Notes
Turn   | Place    | Note
-------+----------+-------------------------------------------
     0 | D:1      | Aviak the Hill Orc Assassin began the quest for the Orb.
     0 | D:1      | Reached XP level 1. HP: 18/18 MP: 1/1
    36 | D:1      | Reached skill level 1 in Dodging
   173 | D:1      | Reached XP level 2. HP: 25/25 MP: 2/2
   182 | D:1      | Reached skill level 3 in Fighting
   425 | D:1      | Reached XP level 3. HP: 31/31 MP: 3/3
  1667 | D:2      | Reached skill level 1 in Axes
  1752 | D:2      | Reached XP level 4. HP: 6/40 MP: 4/4
  2057 | D:2      | Reached skill level 4 in Fighting
  2344 | D:2      | You fall into a shaft and drop 1 floor!
  2737 | D:3      | Reached XP level 5. HP: 18/46 MP: 5/5
  3066 | D:3      | Reached skill level 1 in Armour
  3374 | D:4      | Found a runed translucent door.
  3375 | D:4      | Noticed Crazy Yiuf
  3417 | D:4      | Noticed an angel
  3540 | D:4      | Found an ancient bone altar of Kikubaaqudgha.
  3564 | D:4      | Reached XP level 6. HP: 22/55 MP: 6/6
  3953 | D:4      | Noticed a rust devil
  4049 | D:4      | Noticed Menkaure
  4057 | D:4      | HP: 1/55 [Menkaure (16)]
  4057 | D:4      | Mangled by Menkaure

Levels and vault maps discovered:
D:1:      saegor_arrival_simple_b, layout_basic
D:2:      layout_loops_ring, first_ration
D:3:      layout_loops_ring
D:4:      layout_loops_corners, kennysheep_mini, temple_garden,
          uniq_crazy_yiuf_cottage, uniq_menkaure

Skill      XL: |  1  2  3  4  5 |
---------------+----------------+-----
Dodging        | 1 2 |  2.2
Fighting       | 3 4 |  4.8
Axes           | 1 2 3 |  3.3
Armour         | 2 |  2.1
Short Blades   | |  2.0
Throwing       | |  1.7
Stealth        | |  3.2

Action                   |  1- 3 |  4- 6 || total
-------------------------+-------+-------++-------
Melee: Dagger            |    73 |       ||    73
       Hand axe          |    88 |   187 ||   275
  Use: Potion            |     1 |     4 ||     5
 Stab: Sleeping          |     6 |     1 ||     7
  Eat: Chunk             |     2 |     8 ||    10
Armor: Robe              |    29 |    11 ||    40
       Ring mail         |       |    40 ||    40
       Scale mail        |       |    39 ||    39
Dodge: Dodged            |    94 |   109 ||   203
